Map: Disco Bloodbath LE

Players

Serral

  • Race: Zerg Zerg
  • League: Master
  • Spawn Location: 9:00

GOReynor (Reynor) - Winner!

  • Race: Zerg Zerg
  • League: Master
  • Spawn Location: 3:00

Event: HomeStory Cup XX

VOD

Have the link to the VOD?

Description

Time

  • Played on: Nov. 24, 2019, 4:55 p.m.
  • Length: 15:09

All games in this series

Show
View Real Time Build Order
Export as new Build Order

Serral Zerg 

Build Orders: Hatch First, Zergling Baneling 

Get SALT Encoding   

  12  0:00  Drone  
  13  0:12  Overlord  
  13  0:17  Drone  
  14  0:30  Drone  
  14  0:31  Drone  
  16  0:47  Hatchery  
  15  0:50  Drone  
  15  0:54  Drone  
  17  0:57  Drone  
  18  1:08  Extractor  
  17  1:12  Spawning Pool  
  17  1:15  Drone  
  17  1:19  Drone  
  18  1:27  Drone  
  19  1:38  Drone  
  20  1:49  Drone  
  21  1:59  Queen x2  
  21  2:00  Zergling x2, Overlord  
  26  2:08  Metabolic Boost  
  26  2:11  Drone x2  
  28  2:20  Drone  
  28  2:21  Drone  
  30  2:33  Hatchery  
  30  2:34  Drone  
  30  2:37  Drone  
  30  2:42  Drone  
  32  2:45  Baneling Nest  
  32  2:50  Overlord  
  31  2:53  Zergling x2  
  31  2:54  Zergling x2  
  33  3:04  Drone x2  
  35  3:07  Zergling x2  
  35  3:09  Zergling x2  
  35  3:11  Drone x3  
  40  3:14  Overlord  
  40  3:18  Zergling x2  
  41  3:25  Queen  
  43  3:30  Evolution Chamber  
  43  3:31  Overlord  
  42  3:34  Baneling  
  42  3:37  Zergling x4  
  42  3:39  Drone  
  45  3:44  Drone x3  
  45  3:48  Drone x2  
  50  3:50  Baneling  
  50  3:51  Drone  
  51  3:56  Zerg Missile Weapons Level 1  
  51  3:59  Zergling x6  
  54  4:05  Zergling x4  
  54  4:06  Baneling  
  54  4:07  Baneling x2  
  56  4:13  Extractor  
  56  4:14  Zergling x8  
  56  4:16  Baneling  
  59  4:19  Overlord  
  59  4:21  Drone x2  
  59  4:23  Drone  
  62  4:24  Drone  
  61  4:36  Drone  
  58  4:39  Zergling x6  
  58  4:40  Zergling x2  
  58  4:41  Baneling x2  
  58  4:42  Drone  
  58  4:43  Drone x2  
  64  4:48  Drone x3  
  65  4:54  Drone x2  
  65  4:57  Drone x2  
  65  4:59  Lair  
  64  5:03  Drone x2  
  64  5:05  Extractor  
  62  5:08  Roach Warren  
  62  5:09  Zergling x2  
  62  5:12  Baneling x2  
  62  5:13  Baneling  
  62  5:16  Zergling x4  
  62  5:17  Queen  
  67  5:21  Zergling x4  
  67  5:22  Baneling x2  
  67  5:28  Baneling  
  68  5:29  Drone x2  
  68  5:32  Drone  
  68  5:33  Drone  
  69  5:37  Queen  
  69  5:40  Drone x2  
  69  5:41  Baneling  
  68  5:43  Drone x2  
  68  5:45  Zergling x8  
  74  5:50  Extractor  
  74  5:56  Baneling  
  72  5:57  Drone  
  72  5:59  Overlord  
  72  6:01  Drone  
  72  6:06  Drone  
  72  6:07  Overseer  
  72  6:09  Overlord  
  72  6:10  Overlord  
  72  6:13  Drone, Pneumatized Carapace  
  72  6:14  Evolution Chamber  
  72  6:16  Extractor  
  72  6:17  Extractor  
  68  6:18  Overlord  
  68  6:20  Drone x7  
  68  6:24  Drone  
  76  6:32  Zerg Missile Weapons Level 2  
  76  6:34  Drone x5  
  76  6:37  Overlord  
  76  6:38  Overseer  
  81  6:40  Glial Reconstitution, Zerg Ground Armor Level 1  
  81  6:41  Hatchery  
  81  6:46  Overlord  
  80  6:51  Roach x4  
  80  6:54  Roach x2  
  92  6:58  Roach x2  
  96  7:02  Overlord  
  96  7:06  Roach x4  
  104  7:13  Roach  
  104  7:14  Roach  
  108  7:18  Roach x5  
  108  7:19  Roach  
  120  7:26  Overlord x2  
  120  7:28  Queen  
  122  7:36  Roach x4  
  130  7:44  Overseer  
  128  7:45  Overlord x2  
  128  7:46  Roach x4  
  128  7:49  Ravager x2  
  128  7:50  Ravager, Roach  
  128  7:51  Roach  
  142  7:54  Roach x3  
  142  7:57  Roach  
  150  8:02  Roach x2  
  150  8:03  Roach  
  153  8:10  Overlord x2  
  153  8:11  Ravager  
  153  8:12  Ravager  
  157  8:13  Roach x4  
  157  8:17  Roach x2  
  164  8:28  Roach x2  
  167  8:37  Roach x8  
  180  8:43  Roach x3  
  180  8:47  Overlord x2  
  172  8:56  Roach x4  
  172  9:02  Tunneling Claws, Burrow  
  166  9:07  Roach x4  
  172  9:14  Overseer  
  172  9:17  Roach x4  
  172  9:22  Drone x3  
  172  9:24  Extractor  
  182  9:25  Ravager x2  
  182  9:28  Drone x5  
  189  9:36  Ravager  
  189  9:37  Zerg Ground Armor Level 2  
  190  9:38  Drone x2  
  190  9:42  Roach x2  
  194  9:51  Roach x3  
  200  10:13  Overlord  
  200  10:14  Overlord  
  199  10:15  Infestation Pit, Roach x15  
  198  10:29  Overlord x2  
  198  10:32  Overlord  
  192  10:36  Roach  
  192  10:37  Hatchery, Roach x8  
  192  10:38  Overseer  
  183  10:44  Roach x6  
  183  10:47  Overlord  
  192  10:52  Roach x6  
  192  10:54  Lair  
  190  11:02  Roach x9  
  198  11:10  Swarm Host  
  187  11:11  Roach x4  
  187  11:24  Roach x6  
  187  11:29  Roach x3  
  188  11:36  Ravager x2  
  188  11:40  Roach  
  188  11:41  Roach x4  
  196  11:47  Roach  
  196  11:48  Roach x2  
  198  11:58  Ravager x2  
  198  11:59  Extractor  
  194  12:03  Drone x3  
  194  12:05  Roach x2  
  193  12:11  Overlord  
  193  12:13  Ravager  
  191  12:25  Roach x4  
  197  12:31  Roach  
  197  12:32  Roach x2  
  197  12:33  Roach x2  
  185  12:38  Roach x10  
  193  12:50  Roach x4  
  193  12:51  Roach x25  
  189  12:54  Roach x5  
  199  13:08  Hatchery  
  199  13:11  Ravager  
  199  13:12  Ravager x2  
  197  13:14  Roach  
  197  13:19  Roach x4  
  190  13:28  Overseer  
  190  13:30  Roach x4  
  190  13:31  Roach x2  
  197  13:35  Roach  
  197  13:40  Roach x29  
  197  13:43  Roach  
  193  13:53  Hive, Roach x7  
  185  13:55  Roach  
  185  13:56  Roach x4  
  175  14:06  Roach x3  
  168  14:23  Spawning Pool  
Show
View Real Time Build Order
Export as new Build Order

GOReynor Zerg - Winner!

Build Orders: Hatch First, Lurkers 

Get SALT Encoding   

  12  0:00  Drone  
  13  0:12  Overlord  
  13  0:16  Drone  
  14  0:30  Drone x2  
  16  0:48  Hatchery  
  15  0:51  Drone  
  15  0:55  Drone  
  17  0:58  Drone  
  18  1:09  Extractor  
  17  1:13  Spawning Pool  
  17  1:16  Drone  
  17  1:19  Drone  
  18  1:27  Drone  
  19  1:38  Drone  
  20  1:49  Overlord  
  20  2:00  Queen x2, Drone x2  
  26  2:11  Drone x2  
  26  2:12  Metabolic Boost  
  28  2:22  Zergling x4  
  30  2:33  Hatchery  
  30  2:35  Drone  
  30  2:37  Drone  
  30  2:43  Drone, Overlord  
  32  2:53  Drone  
  32  2:54  Drone, Baneling Nest  
  33  3:05  Drone  
  33  3:09  Drone x5  
  33  3:10  Drone  
  33  3:12  Drone  
  41  3:18  Evolution Chamber  
  41  3:19  Zergling x2  
  41  3:21  Overlord  
  41  3:27  Queen  
  41  3:30  Drone  
  44  3:39  Zergling x2  
  45  3:42  Overlord  
  45  3:44  Drone x5  
  45  3:47  Zerg Missile Weapons Level 1  
  50  3:49  Zergling x4  
  50  3:54  Drone  
  53  3:56  Zergling x2  
  53  3:57  Zergling x2  
  53  3:58  Drone  
  56  4:07  Drone x3  
  58  4:17  Lair, Drone x2  
  58  4:18  Drone  
  58  4:19  Extractor, Overlord  
  58  4:20  Extractor  
  58  4:23  Drone, Roach Warren  
  59  4:27  Queen  
  61  4:32  Zergling x4  
  61  4:33  Zergling x2  
  61  4:35  Queen  
  61  4:39  Zergling x8  
  61  4:41  Zergling x4  
  61  4:44  Baneling x2  
  61  4:45  Zergling x4  
  66  4:48  Zergling x4  
  66  4:49  Zergling x2  
  66  4:51  Zergling x2  
  69  4:54  Zergling x4  
  69  4:56  Zergling x2  
  65  5:01  Baneling  
  65  5:05  Roach x2  
  65  5:06  Drone  
  67  5:07  Queen  
  67  5:13  Drone  
  70  5:19  Drone x2  
  70  5:21  Glial Reconstitution  
  72  5:25  Overlord  
  72  5:27  Drone  
  72  5:34  Drone  
  70  5:38  Drone x3  
  70  5:40  Drone x2, Overlord  
  73  5:45  Extractor  
  73  5:46  Extractor, Drone x3  
  73  5:49  Drone x2  
  76  5:52  Extractor  
  76  5:54  Pneumatized Carapace  
  76  5:56  Drone  
  72  6:00  Drone x2  
  72  6:01  Drone  
  71  6:05  Zerg Missile Weapons Level 2  
  71  6:08  Roach  
  72  6:11  Roach x2  
  75  6:19  Drone  
  75  6:21  Drone x4  
  80  6:26  Overseer, Drone  
  80  6:28  Hatchery  
  80  6:31  Roach  
  80  6:32  Drone  
  83  6:33  Roach x2  
  83  6:34  Roach  
  83  6:35  Overlord  
  83  6:38  Overlord  
  89  6:44  Overlord  
  89  6:45  Drone  
  90  6:50  Overlord  
  90  6:55  Drone x2  
  90  6:56  Evolution Chamber  
  90  6:58  Roach x5  
  101  7:01  Roach x2  
  101  7:04  Roach x2  
  101  7:05  Roach x2  
  101  7:07  Overlord  
  113  7:13  Roach x2  
  119  7:15  Roach  
  119  7:18  Overlord  
  119  7:22  Roach  
  121  7:27  Roach x3  
  121  7:28  Roach  
  129  7:31  Overlord  
  129  7:32  Overlord  
  129  7:35  Overlord  
  129  7:39  Roach x4  
  129  7:43  Roach x3  
  143  7:45  Zerg Ground Armor Level 1  
  143  7:52  Roach x3  
  149  7:59  Roach x2  
  149  8:00  Roach x5  
  149  8:02  Overlord  
  149  8:04  Overlord  
  163  8:11  Overlord  
  163  8:16  Overlord  
  163  8:24  Roach x6  
  175  8:28  Ravager  
  175  8:29  Overlord  
  175  8:34  Ravager x3  
  179  8:38  Roach x2  
  179  8:39  Roach x5  
  189  8:44  Roach  
  189  8:48  Overlord  
  191  8:53  Roach x3  
  191  8:54  Roach x4  
  181  8:56  Roach  
  181  8:58  Roach  
  181  9:02  Tunneling Claws, Burrow  
  167  9:03  Drone  
  167  9:05  Roach  
  167  9:06  Infestation Pit  
  167  9:08  Queen, Drone x2  
  169  9:10  Extractor  
  169  9:13  Ravager  
  169  9:14  Ravager  
  168  9:19  Roach x3  
  168  9:20  Roach x2  
  178  9:27  Roach  
  178  9:28  Roach x4  
  188  9:34  Roach x4  
  196  9:45  Roach x3  
  200  9:56  Overseer  
  200  10:06  Overlord x2  
  198  10:16  Spore Crawler  
  198  10:17  Hive  
  198  10:18  Zerg Ground Armor Level 2  
  197  10:23  Ravager x3  
  198  10:40  Overseer  
  188  10:44  Roach x6  
  200  10:52  Overseer  
  200  10:53  Overseer  
  200  10:56  Roach  
  200  11:00  Roach x18  
  200  11:01  Roach x7  
  199  11:07  Roach x4  
  191  11:15  Roach x7  
  197  11:28  Drone x3  
  197  11:31  Extractor  
  187  11:47  Hydralisk Den  
  187  11:52  Queen  
  186  11:56  Queen  
  178  12:19  Hatchery, Roach x9  
  178  12:22  Muscular Augments, Drone  
  178  12:23  Lurker Den  
  173  12:30  Hydralisk x7  
  173  12:32  Roach x7  
  184  12:40  Roach x2  
  184  12:41  Roach x6  
  194  12:54  Overseer  
  192  12:59  Hydralisk x3  
  184  13:20  Lurker x7  
  184  13:22  Roach x7  
  184  13:24  Adaptive Talons  
  200  13:28  Roach  
  196  13:35  Roach x2  
  195  13:45  Roach x5  
  197  13:50  Roach x2  
  197  13:55  Queen  
  196  13:58  Evolution Chamber  
  196  14:02  Hydralisk x9  
  199  14:05  Roach  
  197  14:10  Roach x5  
  195  14:19  Roach x2  
  195  14:22  Roach x4  
  175  14:31  Roach x10  
  175  14:35  Roach x2  
  170  14:42  Roach x4  
  178  14:50  Roach x2  
  172  14:58  Lurker x5  
  181  15:07  Lurker x4  
Tags
 
Add a new tag
Caveats
  • Supply blocks, unpowered buildings, or Contaminate may cause inaccurate times.
  • Supply counts are checked every 10 seconds.